 Dungeon Crawl Stone Soup version 0.30-a0-137-gd8773701ce (webtiles) character file.

Game seed: 1862445404320477268

14259 Pilot the Nimble (level 11, -5/42 HPs)
             Began as a Felid Summoner on Sept 17, 2022.
             Was an Initiate of Gozag.
             Slain by a black mamba (17 damage)
             ... on level 2 of the Lair of Beasts on Sept 21, 2022.
             The game lasted 05:55:05 (24165 turns).

Pilot the Nimble (Felid Summoner)                  Turns: 24165, Time: 05:55:09

Health: -5/42      AC:  2    Str:  6    XL:     11   Next: 86%
Magic:  26/30      EV: 31    Int: 19    God:    Gozag
Gold:   1006       SH:  0    Dex: 23    Spells: 6/22 levels left
                                        Lives:  0   Deaths: 2

rFire   . . .      SeeInvis +      - Unarmed
rCold   . . .      Faith    .    (shield unavailable)
rNeg    . . .      Spirit   .    (body armour unavailable)
rPois   .          Reflect  .    (helmet unavailable)
rElec   .          Harm     .    (cloak unavailable)
rCorr   .          Rampage  .    (gloves unavailable)
Will    +....                    (boots unavailable)
Stlth   +++++.....               F - amulet of magic regeneration
HPRegen 0.14/turn                g - ring of magical power
MPRegen 0.62/turn                f - +6 ring of dexterity

@: lethally poisoned (-5 -> -11), very slightly contaminated, quick
A: very small, claws 1, fangs 3, see invisible, speed 1, shaggy fur 2, stealthy
paws, no weapons or thrown items, no armour, multi-lived
a: Renounce Religion, Potion Petition, Call Merchant, Bribe Branch


You were on level 2 of the Lair of Beasts.
You worshipped Gozag.
Gozag was most pleased with you.
You visited 4 branches of the dungeon, and saw 16 of its levels.

You collected 3025 gold pieces.
You spent 515 gold pieces at shops.
You paid 1504 gold pieces to Gozag.

Inventory:

Jewellery
 f - a +6 ring of dexterity (right paw)
 g - a ring of magical power (left paw)
 A - a ring of positive energy
 F - an amulet of magic regeneration (around neck)
 J - an amulet of reflection
 L - a ring of flight
 O - a ring of positive energy
 S - a ring of fire
Wands
 i - a wand of paralysis (7)
 n - a wand of mindburst (11)
 p - a wand of digging (1)
 y - a wand of iceblast (19)
 D - a wand of flame (38)
Scrolls
 b - 3 scrolls of silence
 c - 2 scrolls of identify
 d - 2 scrolls of fear
 e - a scroll of noise
 h - 5 scrolls of torment
 l - 3 scrolls of butterflies
 m - 5 scrolls of immolation
 o - 3 scrolls of amnesia
 s - 2 scrolls of magic mapping
 t - 3 scrolls of enchant weapon
 u - a scroll of acquirement {unknown}
 z - 3 scrolls of vulnerability
 B - a scroll of summoning {unknown}
 C - 6 scrolls of teleportation
 K - a scroll of brand weapon {unknown}
 Q - a scroll of poison {unknown}
Potions
 a - a potion of magic
 j - 5 potions of flight
 k - 3 potions of degeneration
 q - 3 potions of cancellation
 r - a potion of haste
 v - 6 potions of attraction
 w - a potion of berserk rage
 x - 3 potions of brilliance
 E - a potion of mutation {unknown}
 G - a potion of heal wounds
 H - a potion of ambrosia
 I - 2 potions of lignification
 M - a potion of resistance {unknown}
 R - 2 potions of might
Miscellaneous
 N - a condenser vane
 P - a tin of tremorstones (2/2)
 T - a phial of floods


   Skills:
 - Level 1.2 Fighting
 + Level 13.5 Dodging
 - Level 9.5 Stealth
 - Level 1.1 Unarmed Combat
 - Level 6.1 Spellcasting
 - Level 6.6 Conjurations
 - Level 5.0 Hexes
 + Level 10.9 Summonings
 - Level 6.3 Necromancy
 - Level 5.9 Air Magic
 - Level 7.5 Evocations


You had 6 spell levels left.
You knew the following spells:

 Your Spells              Type           Power      Damage    Failure   Level
a - Summon Small Mammal   Summ           100%       N/A       1%          1
b - Call Imp              Summ           47%        N/A       1%          2
c - Call Canine Familiar  Summ           47%        N/A       1%          3
d - Necrotise             Necr           100%       1d9       1%          1
e - Magic Dart            Conj           100%       1d8       1%          1
f - Summon Lightning Spi  Summ/Air       37%        N/A       3%          4
g - Slow                  Hex            96%        N/A       1%          1
h - Summon Guardian Gole  Hex/Summ       36%        N/A       1%          3

Your spell library contained the following spells:

 Spells                   Type           Power      Damage    Failure   Level
 Vampiric Draining        Necr           29%        2d8       2%          3
 Confusing Touch          Hex            24%        N/A       4%          3
 Mephitic Cloud           Conj/Pois/Air  21%        N/A       6%          3
 Cause Fear               Hex            12%        N/A       14%         4
 Agony                    Necr           29%        N/A       22%         5
 Hailstorm                Conj/Ice       18%        3d6       28%         4
 Fireball                 Conj/Fire      9%         3d6       61%         5
 Ice Form                 Ice/Tmut       5%         N/A       73%         4
 Petrify                  Tmut/Erth      5%         N/A       73%         4
 Metabolic Englaciation   Hex/Ice        7%         N/A       73%         5
 Starburst                Conj/Fire      9%         6d5       99%         6
 Statue Form              Tmut/Erth      3%         N/A       100%        6
 Dragon Form              Tmut           2%         N/A       100%        7
 Malign Gateway           Summ/Tloc      13%        N/A       100%        7
 Borgnjor's Revivificati  Necr           14%        N/A       100%        8
 Ignition                 Fire           2%         3d3       100%        8
 Necromutation            Tmut/Necr      8%         N/A       100%        8
 Summon Horrible Things   Summ           23%        N/A       100%        8
 Death's Door             Necr           14%        N/A       100%        9
 Dragon's Call            Summ           23%        N/A       100%        9
 Simulacrum               Ice/Necr       Unusable   N/A       N/A         6

Dungeon Overview and Level Annotations

Branches:
Dungeon (12/15)            Temple (1/1) D:5            Lair (2/5) D:11
  Snake (1/4) Lair:2
  Swamp: Lair:2-3    Shoals: Lair:2-3       Orc: D:9-12

Altars:
Ashenzari
Cheibriados
Dithmenos
Elyvilon
Fedhas
Gozag
Hepliaklqana
Kikubaaqudgha
Makhleb
Nemelex Xobeh
Okawaru
Qazlal
Ru
Sif Muna
Trog
Uskayaw
Vehumet
Wu Jian
Xom
Yredelemnul
Zin
The Shining One

Shops:
D:9 !   D:10 ?

Portals:
Gauntlet: D:12

Annotations:
D:6 2 transporters, HilariousDeathArtist's ghost, amateur MeGl
D:11 Snorg


Innate Abilities, Weirdness & Mutations

You have sharp claws.
You have razor-sharp teeth.
You have supernaturally acute eyesight. (SInv)
You cover ground quickly. (Speed+)
You are covered in thick fur. (AC +2)
Your paws help you pounce on unaware monsters.
You are incapable of wielding weapons or throwing items.
You cannot wear armour.
You gain extra lives every three experience levels.


Message History

You climb upwards.
Welcome back to the Lair of Beasts!
Your wolf disappears in a puff of smoke!
There is a staircase to the Snake Pit here.
The black mamba attacks as you move away!
The black mamba completely misses you. x2
Casting: Summon Lightning Spire (dangerous; 3% risk of failure)
Confirm with . or Enter, or press ? or * to list all spells.
The black mamba barely misses you. The black mamba completely misses you.
Casting: Call Canine Familiar (safe; 1% risk of failure)
Confirm with . or Enter, or press ? or * to list all spells.
You miscast Summon Lightning Spire.
You are very lightly contaminated with residual magic.
Nothing appears to happen.
The black mamba bites you!!
You are poisoned.
The black mamba poisons you!
Your wolf closely misses the black mamba.
The black mamba closely misses you.
Your wolf bites the black mamba.
Casting: Summon Lightning Spire (dangerous; 3% risk of failure)
Confirm with . or Enter, or press ? or * to list all spells.
Okay, then.
The black mamba attacks as you move away!
The black mamba completely misses you.
You feel very sick.
Your wolf misses the black mamba.
You feel very sick.
Your wolf misses the black mamba. The black mamba closely misses you.
You feel sick.
You feel sick.
Casting: Summon Small Mammal (safe; 1% risk of failure)
Press: ? - help, Q - select action, (/) - cycle Dir - look around, f - activate
Okay, then.
Aiming: Paralyse
Press: ? - help, Shift-Dir - straight line, f - black mamba
Aim: a black mamba (moderately wounded, ally target, chance to affect: 67%)
The black mamba struggles to resist.
You feel sick. The black mamba completely misses you.
Your wolf bites the black mamba!
The black mamba bites you!
You die...
Your body crumbles into a pile of gold.

## P##### .....## #.#..P# .)...##
#....### ###....# ######
##....### #.##.###
###...#.######..@S..##
###............###h..### ######
.......##..###.#.......#####P.#.#
.#.#...........#.h.....#.........
#####P..###(###..........######.P
##..#.#........>.....# #..
##...................# #.#
#.####.....#.......### #.# ###
#..#..##.......# #.#


You could see a black mamba (ally target) and a friendly wolf (summoned).

Vanquished Creatures
  A troll (D:9)
  A blink frog (Lair:1)
  Sigmund (D:4)
  2 yaks
  Duvessa (D:4)
  A water moccasin (D:6)
  A black bear (D:6)
  An orc warrior (D:8)
  A sky beast (D:8)
  A centaur (D:6)
  A bullfrog (D:8)
  2 scorpions
  A hound (D:7)
  An orc wizard (D:8)
  3 adders
  A gnoll (D:5)
  5 orcs
  2 bats (D:3)
  2 endoplasms (D:1)
  2 goblins
  2 hobgoblins (D:2)
  3 jackals (D:2)
  8 kobolds
  2 quokkas
  8 ball pythons
  5 frilled lizards
  5 rats (D:1)
64 creatures vanquished.

Vanquished Creatures (collateral kills)
  Josephine (D:11)
  A hydra (Lair:2)
  2 two-headed ogres
  A cyclops (D:9)
  Maurice (D:9)
  A manticore (D:11)
  A black mamba (Lair:2)
  A torpor snail (Lair:1)
  An orange demon (Lair:2)
  6 cane toads
  2 rime drakes (Lair:1)
  A kobold demonologist (D:10)
  3 komodo dragons
  14 blink frogs
  A troll (D:11)
  A hornet (D:11)
  Prince Ribbit (D:5)
  3 dream sheep (Lair:1)
  2 wyverns
  3 basilisks (Lair:2)
  25 yaks
  5 wraiths
  A steam dragon (D:8)
  6 vampire mosquitoes (D:11)
  An acid dragon (D:10)
  4 water moccasins
  4 nagas
  4 black bears
  2 orc warriors
  An ice beast (D:5)
  3 sky beasts
  4 ogres
  7 centaurs
  Blork the orc (D:4)
  3 scorpions
  14 bullfrogs
  A necrophage (D:7)
  Dowan (D:4)
  12 killer bees
  An electric eel (D:10)
  A vampire bat (Lair:1)
  4 howler monkeys
  4 crimson imps (D:3)
  6 hounds
  7 orc priests
  A jelly (D:6)
  5 iguanas
  9 orc wizards
  6 gnolls
  9 adders
  A shadow imp (D:5)
  3 white imps
  An ufetubus (D:4)
  4 dart slugs
  24 orcs
  5 endoplasms
  A giant cockroach (D:3)
  4 hobgoblins
  2 jackals (D:5)
  2 kobolds
  3 ball pythons
  7 bats (Lair:1)
  A frilled lizard (D:1)
  A goblin (D:4)
  A butterfly (Lair:2)
259 creatures vanquished.

Vanquished Creatures (others)
  Amaemon (Lair:2)
  2 orc wizards
  18 fungi
  55 plants
76 creatures vanquished.

Grand Total: 399 creatures vanquished

Notes
Turn   | Place    | Note
-------+----------+-------------------------------------------
     0 | D:1      | Pilot the Felid Summoner began the quest for the Orb.
     0 | D:1      | Reached XP level 1. HP: 7/7 MP: 4/4
   346 | D:1      | Reached skill level 3 in Dodging
   396 | D:1      | Reached XP level 2. HP: 11/11 MP: 6/6
   396 | D:1      | Found a faded altar of an unknown god.
   940 | D:2      | You fall into a shaft and drop 1 floor!
   949 | D:3      | Learned a level 2 spell: Call Imp
  1620 | D:3      | Reached XP level 3. HP: 14/14 MP: 7/7
  1976 | D:3      | Found a shimmering altar of Xom.
  2124 | D:3      | Reached XP level 4. HP: 6/18 MP: 8/8
  2318 | D:3      | Reached skill level 4 in Dodging
  2318 | D:3      | Reached XP level 5. HP: 20/21 MP: 10/10
  3142 | D:3      | Upgraded the game from 0.30-a0-122-g2a1322497e to
                  | 0.30-a0-123-g91d0c66ccf
  3328 | D:4      | Reached skill level 1 in Evocations
  3348 | D:4      | Reached skill level 1 in Fighting
  3348 | D:4      | Gained mutation: You are covered in thick fur. (AC +2)
                  | [Felid growth]
  3348 | D:4      | Reached XP level 6. HP: 23/25 MP: 11/11
  3451 | D:4      | Reached skill level 1 in Unarmed Combat
  3730 | D:4      | Noticed Duvessa
  3730 | D:4      | Noticed Dowan
  3807 | D:4      | Reached skill level 5 in Stealth
  3807 | D:4      | Reached skill level 5 in Summonings
  3819 | D:4      | Noticed Blork the orc
  3835 | D:4      | Killed Blork the orc
  4184 | D:4      | Killed Duvessa
  4185 | D:4      | Reached skill level 5 in Dodging
  4185 | D:4      | Reached XP level 7. HP: 23/28 MP: 5/13
  4194 | D:4      | Killed Dowan
  4338 | D:4      | Noticed Sigmund
  4386 | D:4      | Killed Sigmund
  4400 | D:4      | Learned a level 3 spell: Call Canine Familiar
  4562 | D:5      | Entered Level 5 of the Dungeon
  4563 | D:5      | Found a staircase to the Ecumenical Temple.
  4617 | Temple   | Entered the Ecumenical Temple
  4768 | Temple   | Became a worshipper of Gozag Ym Sagoz the Greedy
  4787 | D:5      | Found a white marble altar of Elyvilon.
  4896 | D:5      | Reached skill level 6 in Dodging
  4904 | D:5      | Reached XP level 8. HP: 25/32 MP: 14/15
  4996 | D:5      | Found a blossoming altar of Fedhas.
  5148 | D:5      | Noticed Prince Ribbit
  5585 | D:2      | Found a glowing silver altar of Zin.
  6234 | D:5      | Learned a level 1 spell: Necrotise
  7115 | D:5      | Found a sparkling altar of Nemelex Xobeh.
  7134 | D:5      | Reached skill level 7 in Dodging
  7179 | D:5      | Found a shimmering blue altar of Sif Muna.
  7532 | D:6      | Reached skill level 5 in Spellcasting
  7792 | D:5      | Killed Prince Ribbit
  7793 | D:5      | Reached skill level 1 in Necromancy
  7793 | D:5      | Reached XP level 9. HP: 17/35 MP: 0/17
  8157 | D:6      | Reached skill level 5 in Evocations
  8230 | D:6      | Noticed HilariousDeathArtist's ghost (amateur MeGl)
  8231 | D:6      | Found a transporter.
  8260 | D:6      | Found a transporter.
  8773 | D:6      | Reached skill level 8 in Dodging
  9149 | D:6      | Found a radiant altar of Vehumet.
  9421 | D:7      | Found an iron altar of Okawaru.
  9644 | D:7      | Found a glowing silver altar of Zin.
 10689 | D:8      | Noticed a two-headed ogre
 11048 | D:7      | Upgraded the game from 0.30-a0-123-g91d0c66ccf to
                  | 0.30-a0-125-g51eefa89be
 11130 | D:7      | Reached XP level 10. HP: 38/39 MP: 16/19
 11294 | D:8      | Killed a two-headed ogre
 11295 | D:8      | Reached skill level 9 in Dodging
 11295 | D:8      | Reached skill level 5 in Necromancy
 11453 | D:8      | Found a broken altar of Ashenzari.
 12183 | D:9      | Learned a level 1 spell: Magic Dart
 12194 | D:9      | Found an ornate altar of the Wu Jian Council.
 12485 | D:9      | Bought a potion of brilliance for 40 gold pieces
 12485 | D:9      | Bought a potion of ambrosia for 80 gold pieces
 12485 | D:9      | Bought a potion of attraction for 30 gold pieces
 12485 | D:9      | Bought a potion of curing for 30 gold pieces
 12485 | D:9      | Bought a potion of heal wounds for 50 gold pieces
 12485 | D:9      | Bought a potion of lignification for 30 gold pieces
 12593 | D:9      | Noticed Maurice
 12631 | D:9      | Killed Maurice
 12632 | D:9      | Reached skill level 1 in Conjurations
 13481 | D:10     | Entered Level 10 of the Dungeon
 14111 | D:10     | Reached skill level 10 in Dodging
 14149 | D:10     | Noticed a two-headed ogre
 14182 | D:10     | Killed a two-headed ogre
 14183 | D:10     | Reached XP level 11. HP: 42/42 MP: 21/21
 14498 | D:10     | Learned a level 4 spell: Summon Lightning Spire
 14921 | D:10     | Reached skill level 1 in Air Magic
 15158 | D:11     | Noticed Josephine
 16044 | D:11     | Found a staircase to the Lair.
 16145 | D:11     | Upgraded the game from 0.30-a0-125-g51eefa89be to
                  | 0.30-a0-134-gb40fab5c76
 17078 | D:11     | Learned a level 1 spell: Slow
 17123 | D:11     | Reached skill level 11 in Dodging
 17268 | D:11     | Noticed Snorg
 17817 | D:10     | Bought 3 scrolls of teleportation for 153 gold pieces
 17817 | D:10     | Bought a scroll of identify for 34 gold pieces
 17817 | D:10     | Bought a scroll of identify for 34 gold pieces
 17817 | D:10     | Bought a scroll of identify for 34 gold pieces
 18101 | D:10     | Slain by a wraith
 18102 | D:10     | Reached XP level 10. HP: -3/39 MP: 28/29
 18290 | D:11     | Killed Josephine
 18337 | D:12     | Noticed a manticore
 18337 | D:12     | Noticed a skeletal warrior
 18337 | D:12     | Noticed a skeletal warrior
 18337 | D:12     | Noticed a skeletal warrior
 18337 | D:12     | Noticed a skeletal warrior
 18337 | D:12     | Found a gate leading to a gauntlet.
 18423 | D:11     | Identified the +7 short sword of the Brewing Bear {venom,
                  | Drain rC+ rN+}
 18540 | Lair:1   | Entered Level 1 of the Lair of Beasts
 18570 | Lair:1   | Reached XP level 11. HP: 42/42 MP: 18/21
 18750 | Lair:1   | Reached skill level 5 in Conjurations
 18847 | Lair:1   | Reached skill level 12 in Dodging
 19707 | Lair:2   | Noticed Amaemon
 19830 | Lair:1   | HP: 1/42 [cane toad (20)]
 19839 | Lair:1   | Mangled by a cane toad
 19840 | Lair:1   | Reached XP level 10. HP: -10/39 MP: 29/29
 19862 | Lair:1   | Killed a cane toad
 19863 | Lair:1   | Reached skill level 10 in Summonings
 19890 | Lair:1   | Killed a torpor snail
 20148 | Lair:2   | Noticed a cane toad
 20440 | Lair:2   | Noticed a cane toad
 20601 | Lair:2   | Killed a cane toad
 20602 | Lair:2   | Reached skill level 1 in Hexes
 20676 | Lair:2   | Noticed a four-headed hydra
 20690 | Lair:2   | Killed a four-headed hydra
 20691 | Lair:2   | Reached skill level 5 in Air Magic
 20691 | Lair:2   | Reached XP level 11. HP: 42/42 MP: 21/21
 21981 | Lair:2   | Reached skill level 13 in Dodging
 22807 | Lair:1   | Upgraded the game from 0.30-a0-134-gb40fab5c76 to
                  | 0.30-a0-137-gd8773701ce
 23640 | Lair:1   | Reached skill level 5 in Hexes
 23649 | Lair:1   | Learned a level 3 spell: Summon Guardian Golem
 23723 | Lair:2   | Killed Amaemon
 23789 | Lair:2   | Found a staircase to the Snake Pit.
 24153 | Snake:1  | Entered Level 1 of the Snake Pit
 24153 | Snake:1  | Noticed a shock serpent
 24165 | Lair:2   | Slain by a black mamba

Illustrated notes

Levels and vault maps discovered:
D:1:      dpeg_arrival_snail, layout_loops_ring,
          hellmonk_ecumenical_altar_pennies_from_heaven
D:2:      layout_loops_ring, basic_altar, st_stairs_9,
          minmay_misc_feat_diagonals
D:3:      layout_loops_corners, led_xom_imps
D:4:      layout_rooms, serial_bayou, serial_bayou_pond_e,
          serial_bayou_lagoon_a, serial_bayou_pond_d, serial_bayou_pond_b,
          minmay_snake_closets, uniq_sigmund, uniq_duvessa, uniq_blork_the_orc
D:5:      layout_basic, nemelex_spade_bored_becter, mainiacjoe_overflow_paths,
          nicolae_overflow_crystal_walls, kennysheep_mini,
          minmay_temple_entry_large_hall, kennysheep_small_square,
          uniq_prince_ribbit1
D:6:      layout_loops_ring, lemuel_round_altar, gammafunk_ghost_smash,
          chequers_serial_rivers_micro_b
D:7:      layout_basic, zin_scriptorium, mainiacjoe_overflow_tiny_flanked
D:8:      layout_cave_pools, nicolae_ashenzari_panopticon
D:9:      layout_stronghold, mainiacjoe_overflow_surrounded_room, uniq_maurice
D:10:     layout_small_grid, minmay_crystal_water, wad_floor_pattern_2
D:11:     layout_loops_corners, lair_entry_dummy, serial_bayou,
          serial_bayou_shore_a, serial_bayou_lagoon_b, serial_bayou_crossing,
          serial_bayou_pond_d, uniq_snorg, uniq_josephine
D:12:     layout_cave_pools, erik_orc_3, serial_ice, serial_ice_f, serial_ice_e,
          serial_ice_d, serial_ice_m, serial_ice_a, serial_ice_l,
          portal_ice_cave_entry_pillars_1, gauntlet_entry_generic,
          einodemon_barbed_minivault, uniq_nessos
Temple:   hc_temple_tempest_star
Lair:1:   layout_chaotic_city, roderic_batcave, serial_bayou_shore_b,
          grunt_megastairs_5
Lair:2:   layout_loops_ring, minmay_snake_entry_guardpost_small,
          lemuel_fruit_fields, uniq_amaemon
Snake:1:  layout_onion_interference, serial_shops, nicolae_shop_hallway_plus,
          minmay_shoptagon, nicolae_triple_integral

Skill      XL: |  1  2  3  4  5  6  7  8  9 10 11 |
---------------+----------------------------------+-----
Stealth        | 3 4 5 6 7 9 |  9.5
Dodging        | 3 4 5 6 7 8 10 13 | 13.5
Spellcasting   | 3 4 5 6 |  6.1
Evocations     | 1 2 3 4 5 7 |  7.5
Fighting       | 1 |  1.2
Unarmed Combat | 1 |  1.1
Summonings     | 5 6 7 10 9 | 10.9
Necromancy     | 1 4 6 |  6.3
Conjurations   | 4 6 |  6.6
Air Magic      | 5 4 |  5.9
Hexes          | 2 5 |  5.0

Action                   |  1- 3 |  4- 6 |  7- 9 | 10-12 || total
-------------------------+-------+-------+-------+-------++-------
Melee: Unarmed           |    73 |    35 |    56 |    28 ||   192
       Bite              |     5 |     2 |     2 |     8 ||    17
       Punch             |     1 |       |     1 |       ||     2
 Cast: Summon Small Mamm |    37 |    60 |   171 |   423 ||   691
       Call Imp          |     4 |    21 |    49 |   137 ||   211
       Call Canine Famil |       |       |    72 |   174 ||   246
       Necrotise         |       |       |    10 |    26 ||    36
       Slow              |       |       |       |    71 ||    71
       Magic Dart        |       |       |       |    16 ||    16
       Summon Lightning  |       |       |       |    25 ||    25
       Summon Guardian G |       |       |       |     4 ||     4
Invok: Call Merchant     |       |       |       |     2 ||     2
Evoke: Wand              |       |     2 |    10 |    12 ||    24
  Use: Potion            |     1 |       |     2 |     4 ||     7
       Scroll            |       |     1 |     7 |    11 ||    19
 Stab: Sleeping          |     8 |     7 |    15 |       ||    30
       Distracted        |       |       |     3 |       ||     3
Armor: Skin              |     5 |     2 |    33 |    10 ||    50
Dodge: Dodged            |    65 |    52 |   131 |   332 ||   580

Table legend: (Time is in decaauts)
 A = Elapsed time spent in this place.
 B = Non-inter-level travel time spent in this place.
 C = Inter-level travel time spent in this place.
 D = Time resting spent in this place.
 E = Time spent auto-exploring this place.
 F = Levels seen in this place.
 G = Mean time per level.
                   A        B        C        D        E       F      G
               +--------+--------+--------+--------+--------+-----+--------+
         Total |  21574 |  16321 |   5253 |      0 |   7220 |  16 | 1348.4 |
       Dungeon |  16339 |  12410 |   3929 |      0 |   5045 |  12 | 1361.6 |
        Temple |    156 |    130 |     26 |      0 |    118 |   1 |  156.0 |
          Lair |   5076 |   3780 |   1296 |      0 |   2056 |   2 | 2538.0 |
     Snake Pit |      2 |      2 |      0 |      0 |      0 |   1 |    2.0 |
               +--------+--------+--------+--------+--------+-----+--------+

Top non-repeatable levels by time:
  Lair:1: 3653 daAuts
    D:11: 2183 daAuts
     D:3: 2079 daAuts
     D:5: 2038 daAuts
    D:10: 2019 daAuts
     D:4: 1684 daAuts
     D:9: 1612 daAuts
     D:7: 1432 daAuts
  Lair:2: 1422 daAuts
     D:6: 1008 daAuts
     D:8: 885 daAuts
     D:1: 806 daAuts
     D:2: 586 daAuts
  Temple: 156 daAuts
 Snake:1: 2 daAuts
